 Dungeon Crawl Stone Soup version 0.26.1-11-gd32895ea62 (webtiles) character file.

Game seed: 13889684493434946374

112546 captivecurve the Spry (level 16, -2/157 HPs)
             Began as a Minotaur Berserker on June 27, 2021.
             Was a High Priest of Trog.
             Slain by an infernal demonspawn
             ... wielding a +1 antimagic demon trident
              (12 damage)
             ... on level 2 of the Orcish Mines.
             The game lasted 01:06:58 (31145 turns).

captivecurve the Spry (Minotaur Berserker)         Turns: 31145, Time: 01:07:01

Health: -2/157     AC: 36    Str: 32    XL:     16   Next: 12%
Magic:  9/15       EV: 17    Int:  7    God:    Trog [*****.]
Gold:   1591       SH:  0    Dex: 12    Spells: 15/15 levels left

rFire    . . .     SeeInvis +   n - +4 battleaxe (drain)
rCold    + . .     Faith    +   (shield currently unavailable)
rNeg     . . .     Spirit   .   A - +7 plate armour {rC+}
rPois    .         Reflect  .   Q - +3 crown of Dyrovepreva {rElec Int+2 SInv}
rElec    +         Harm     .   m - +2 cloak {rCorr}
rCorr    +         Rampage  .   h - +0 pair of gloves
Will     +....                  a - +1 pair of boots {run}
Stlth    ..........             Z - amulet of faith
HPRegen  0.36/turn              S - +4 ring of protection
MPRegen  0.14/turn              X - +6 ring of strength

@: berserk cooldown, hasted and slowed, quick
A: retaliatory headbutt, horns 2
a: Renounce Religion, Berserk, Trog's Hand, Brothers in Arms


You were on level 2 of the Orcish Mines.
You worshipped Trog.
Trog was extremely pleased with you.
You visited 3 branches of the dungeon, and saw 23 of its levels.
You also visited: Ossuary, Bailey and Ice Cave.

You collected 2481 gold pieces.
You spent 890 gold pieces at shops.

Inventory:

Hand Weapons
 n - a +4 battleaxe of draining (weapon)
 r - the +0 war axe of Conscience {vorpal, rF+ Str+2 Dex+3}
   (You found it on level 5 of the Dungeon)

   It inflicts extra damage upon your enemies.
   It affects your strength (+2).
   It affects your dexterity (+3).
   It protects you from fire.
 D - a +1 battleaxe of freezing
 J - a +1 battleaxe of freezing
 L - a +4 vorpal battleaxe
 V - a +4 broad axe of flaming
Armour
 a - a +1 pair of boots of running (worn)
 h - a +0 pair of gloves (worn)
 m - a +2 cloak of preservation (worn)
 u - a +2 pair of boots
 A - a +7 plate armour of cold resistance (worn)
 M - the +1 buckler "Jerabeunt" {rF+ Str+5}
   (You found it in an ice cave)

   It affects your strength (+5).
   It protects you from fire.
 Q - the +3 crown of Dyrovepreva (worn) {rElec Int+2 SInv}
   (You found it on level 6 of the Lair of Beasts)

   It affects your intelligence (+2).
   It insulates you from electricity.
   It lets you see invisible.
Jewellery
 C - an uncursed ring of ice
 I - an uncursed ring of protection from cold {unknown}
 O - a +4 ring of protection
 S - a +4 ring of protection (left hand)
 T - an uncursed ring of flight
 X - a +6 ring of strength (right hand)
 Y - an uncursed ring of protection from cold {unknown}
 Z - an amulet of faith (around neck)
Wands
 y - a wand of iceblast (38)
 z - a wand of acid (6)
 B - a wand of random effects (36)
 E - a wand of disintegration (46)
 G - a wand of polymorph (13)
 H - a wand of flame (15)
 P - a wand of enslavement (26)
Scrolls
 c - 12 scrolls of remove curse
 d - 9 scrolls of identify
 g - 2 scrolls of noise
 k - 12 scrolls of teleportation
 s - 7 scrolls of blinking
 t - 6 scrolls of fog
 w - 2 scrolls of brand weapon
 K - 2 scrolls of magic mapping
 N - 3 scrolls of enchant weapon
 R - a scroll of fear
Potions
 b - 6 potions of might {unknown}
 e - 2 potions of mutation {unknown}
 f - a potion of degeneration {unknown}
 i - 13 potions of curing
 j - 2 potions of resistance {unknown}
 l - 6 potions of haste
 o - 4 potions of berserk rage
 p - 7 potions of flight {unknown}
 q - 7 potions of lignification {unknown}
 v - 6 potions of brilliance {unknown}
 x - 3 potions of magic {unknown}
 F - 3 potions of attraction {unknown}
 U - 9 potions of ambrosia {unknown}


   Skills:
 * Level 17.9 Fighting
 - Level 17.1 Axes
 - Level 11.0 Armour
 * Level 18.4 Dodging


You had 15 spell levels left.
You didn't know any spells.
Your spell library was empty.

Dungeon Overview and Level Annotations

Branches:
Dungeon (15/15)            Temple (0/1) D:7            Lair (6/6) D:8
  Swamp (0/4) Lair:4        Snake (0/4) Lair:3        Slime (0/5) Lair:6
    Orc (2/2) D:9          Vaults (0/5) D:14         Depths (0/5) D:15
Ossuary (visited)          Bailey (visited)           IceCv (visited)
    Elf: Orc:2

Altars:
Dithmenos
Elyvilon
Fedhas
Gozag
Hepliaklqana
Makhleb
Okawaru
Qazlal
Ru
Uskayaw
Vehumet
The Shining One
Jiyva

Shops:
D:4 ([=   D:9 *   D:10 [   D:12 *   D:13 [   Orc:2 *?

Annotations:
D:4 exclusion: statue
D:13 exclusion: ice statue
Lair:6 exclusion: 2 oklob plants


Innate Abilities, Weirdness & Mutations

You reflexively headbutt those who attack you in melee.
You have a pair of horns on your head.


Message History

The orc sorcerer no longer looks unusually strong.
Your deep troll misses the torturous demonspawn.
Your deep troll claws the torturous demonspawn but does no damage.
Your deep troll barely misses the torturous demonspawn.
The torturous demonspawn hits your deep troll with a +0 great sword!
The infernal demonspawn misses you.
The orc high priest calls down the wrath of Beogh upon you.
Beogh smites you!
* * * LOW HITPOINT WARNING * * *
Your deep troll bites the torturous demonspawn!!
The torturous demonspawn dies!
Trog accepts your kill.
Items here: ))) [[[ ††.
Your two-headed ogre goes berserk!
The orc knight roars a battlecry!
The orc sorcerer goes into a battle-frenzy!
The infernal demonspawn hits you from afar with a +1 antimagic demon trident!
* * * LOW HITPOINT WARNING * * *
You are engulfed in flames!
You die...

#............###...###..##
#####)........###.#.#.###..##
##.#..).......###...#...###..##
###...........####)))###...###..#
.##..#.#......###.))## ##...###..
.....#####...###)..## ##.......
..#.## #...###..)## .# ##...#..
.....# #..###.#T##o.# ##..÷.#
..#.## #####..)@)6o# ##.... #####
#..O))#o## ##).# ## ##.......#
##.).. .## ##.#.##..# ##....# ..#
##... #..# ##..)#). .## #.. #...
#...)))) ..## ##. #.##...###))
...# #### #. #...###)[# ...#
#####..### #...###.)##


You could see an orc knight, an orc high priest (strong), an infernal
demonspawn, an orc sorcerer (strong), a friendly two-headed ogre (summoned,
berserk) and a friendly deep troll (summoned, berserk).

Vanquished Creatures
  Gastronok (Lair:1)
  A frost giant (IceCv)
  3 fire dragons (D:15)
  Josephine (Lair:4)
  A vault guard (D:14)
  6 centaur warriors
  3 boulder beetles
  2 catoblepae (Lair:6)
  3 hydras
  A death knight (D:13)
  4 two-headed ogres
  3 orc high priests (Orc:2)
  8 death yaks
  Urug (Lair:6)
  A fire crab (Lair:6)
  A sixfirhy (Orc:2)
  2 unseen horrors
  A wizard (D:14)
  3 orc knights (Orc:2)
  A wolf spider zombie (D:15)
  Pikel (D:5)
  A wolf spider (D:15)
  2 manticores (D:14)
  21 ugly things
  3 cyclopes (D:13)
  7 black mambas
  3 centaur zombies
  6 elephants
  A gargoyle (D:14)
  An ice statue (IceCv)
  28 cane toads
  An orange demon (Orc:2)
  A torpor snail (Lair:6)
  4 rime drakes (Lair:5)
  A kobold demonologist (D:14)
  6 centaur skeletons
  13 komodo dragons
  2 hellwings (Orc:2)
  An efreet (D:11)
  3 ice devils
  2 freezing wraiths
  14 polar bears
  A tengu conjurer (D:14)
  4 tyrant leeches (Lair:6)
  A queen bee (Lair:3)
  4 meliai
  2 hornets
  7 trolls
  7 slime creatures
  6 dream sheep
  24 blink frogs
  A centaur simulacrum (D:14)
  A vampire (D:15)
  7 wyverns
  A shadow (D:14)
  7 wraiths
  63 yaks
  5 basilisks
  6 vampire mosquitoes (Lair:6)
  Grum (D:8)
  13 water moccasins
  A naga (Lair:3)
  2 wargs
  24 orc warriors
  3 sky beasts
  7 ice beasts
  3 black bears
  10 ogres
  2 eyes of draining
  A necrophage (D:8)
  2 phantoms
  24 centaurs
  32 wolves
  2 lemures (D:5)
  A big kobold (D:13)
  An elf zombie (Ossuary)
  2 gnoll sergeants (D:10)
  23 bullfrogs
  A scorpion (D:7)
  28 killer bees
  13 wights
  5 howler monkeys
  4 bullfrog zombies
  3 electric eels
  A human zombie (Ossuary)
  A lava snake (D:8)
  3 jellies
  7 hounds
  A gnoll shaman (D:10)
  25 orc priests
  11 orc wizards
  Crazy Yiuf (D:2)
  4 bullfrog skeletons
  4 iguanas
  11 worker ants
  4 big kobold zombies (Ossuary)
  3 hound zombies
  A hound skeleton (D:4)
  4 mummies (Ossuary)
  A howler monkey zombie (D:6)
  4 worker ant zombies
  30 gnolls
  3 river rats (D:6)
  13 adders
  A shadow imp (D:5)
  5 white imps
  An ooze (D:2)
  An adder zombie (Ossuary)
  An adder skeleton (D:5)
  3 worms
  A dart slug (D:2)
  4 leopard geckos
  106 orcs
  8 bats
  3 giant cockroaches
  A gnoll zombie (Ossuary)
  8 goblins
  11 hobgoblins
  3 jackals
  4 quokkas
  3 ball pythons (D:6)
  4 frilled lizards
  A hobgoblin zombie (Ossuary)
  A jackal skeleton (D:6)
  8 kobolds
  2 leopard gecko zombies (D:5)
  An orc zombie (Ossuary)
  A quokka zombie (D:7)
  5 rats
  A rat zombie (Ossuary)
844 creatures vanquished.

Vanquished Creatures (collateral kills)
  An orc high priest (Orc:2)
  2 torturous demonspawn (Orc:2)
  2 ugly things (D:15)
  3 orc sorcerers (Orc:2)
  A manticore (D:13)
  A centaur skeleton (D:15)
  A freezing wraith (D:15)
  2 polar bears (IceCv)
  9 slime creatures
  2 wyverns (D:8)
  8 yaks
  A basilisk (D:8)
  A vampire mosquito (D:14)
  2 water moccasins (D:8)
  4 orc warriors
  2 gnoll sergeants (D:10)
  A bullfrog (Lair:5)
  An electric eel (D:10)
  2 hounds (D:10)
  4 orc priests (Orc:2)
  A gnoll shaman (D:10)
  An iguana (D:8)
  A killer bee zombie (D:10)
  5 gnolls (D:10)
  An orc (D:13)
  6 jackals (D:10)
65 creatures vanquished.

Vanquished Creatures (others)
  A gnoll (D:10)
  A bush (Lair:2)
  52 fungi
  134 plants
188 creatures vanquished.

Grand Total: 1097 creatures vanquished

Notes
Turn   | Place    | Note
-------+----------+-------------------------------------------
     0 | D:1      | captivecurve the Minotaur Berserker began the quest for the
                  | Orb.
     0 | D:1      | Reached XP level 1. HP: 19/19 MP: 0/0
   332 | D:1      | Reached XP level 2. HP: 25/27 MP: 1/1
   752 | D:2      | Reached skill level 5 in Axes
   752 | D:2      | Reached XP level 3. HP: 25/33 MP: 2/2
  1291 | D:2      | Found a runed translucent door.
  1292 | D:2      | Noticed Crazy Yiuf
  1299 | D:2      | Killed Crazy Yiuf
  1300 | D:2      | Reached XP level 4. HP: 40/40 MP: 3/3
  1522 | D:2      | Found a blossoming altar of Fedhas.
  1530 | D:2      | Found a faded altar of an unknown god.
  1537 | D:2      | Reached ** piety under Trog
  1811 | D:3      | Found an opulent altar of Gozag.
  1838 | D:3      | Reached XP level 5. HP: 46/46 MP: 4/4
  2136 | D:3      | Found a burning altar of Makhleb.
  2527 | D:4      | Found a radiant altar of Vehumet.
  2527 | D:4      | Noticed a frost-covered statue
  2697 | D:4      | Reached XP level 6. HP: 32/52 MP: 5/5
  2896 | D:4      | Found Lell's Jewellery Emporium.
  2999 | D:4      | Found a hazy altar of Hepliaklqana.
  3067 | D:4      | Found Ruazy's Armour Emporium.
  3131 | D:4      | Found Ecoch's Antique Weapon Emporium.
  3149 | D:4      | Bought a battleaxe for 156 gold pieces
  3462 | D:5      | Entered Level 5 of the Dungeon
  3470 | D:5      | Noticed Pikel
  3485 | D:5      | Killed Pikel
  3486 | D:5      | Reached XP level 7. HP: 58/58 MP: 6/6
  3546 | D:5      | Found a sand-covered staircase.
  3588 | Ossuary  | Entered an ossuary
  3596 | Ossuary  | Reached *** piety under Trog
  3597 | Ossuary  | Reached XP level 8. HP: 66/66 MP: 7/7
  3975 | D:5      | Got a jewelled war axe
  4215 | D:5      | Identified the +0 war axe of Conscience {vorpal, rF+ Str+2
                  | Dex+3} (You found it on level 5 of the Dungeon)
  4592 | D:6      | Reached **** piety under Trog
  4720 | D:6      | Reached XP level 9. HP: 15/71 MP: 8/8
  4796 | D:6      | Found a sacrificial altar of Ru.
  5922 | D:7      | Found the +5 scythe "Finisher" {speed, eviscerate}
  5929 | D:7      | Reached skill level 15 in Axes
  5953 | D:7      | Found an iron altar of Okawaru.
  6026 | D:7      | Found a glowing golden altar of the Shining One.
  6098 | D:7      | Found a staircase to the Ecumenical Temple.
  6526 | D:7      | Reached ***** piety under Trog
  6971 | D:8      | Found a staircase to the Lair.
  6983 | D:8      | Reached XP level 10. HP: 78/78 MP: 9/9
  7319 | D:8      | Found a hide-covered altar of Uskayaw.
  7320 | D:8      | You fall into a shaft and drop 3 floors!
  7332 | D:10     | Entered Level 10 of the Dungeon
  7577 | D:10     | Paralysed by a hornet for 1 turns
  7582 | D:10     | Reached skill level 3 in Dodging
  8132 | D:9      | Found a staircase to the Orcish Mines.
  8169 | D:9      | Found a shadowy altar of Dithmenos.
  8600 | D:9      | Found Xeowak's Assorted Antiques.
  8751 | D:9      | Reached skill level 4 in Dodging
  8974 | D:9      | Reached skill level 5 in Armour
  9080 | D:10     | Reached skill level 5 in Dodging
  9209 | D:10     | HP: 2/78 [electric eel/bolt of electricity (5)]
 10264 | D:10     | Found Lucumm's Armour Shoppe.
 10717 | D:11     | Noticed a white ugly thing
 10719 | D:11     | Noticed a boulder beetle
 10723 | D:11     | Killed a white ugly thing
 10724 | D:11     | Reached skill level 6 in Dodging
 10724 | D:11     | Reached XP level 11. HP: 50/83 MP: 10/10
 10742 | D:10     | Killed a boulder beetle
 11198 | D:11     | Reached skill level 7 in Dodging
 11795 | D:12     | Noticed a centaur warrior
 11805 | D:12     | Killed a centaur warrior
 11806 | D:12     | Reached skill level 8 in Dodging
 11830 | D:12     | Noticed a boulder beetle
 11856 | D:12     | Killed a boulder beetle
 11895 | D:12     | HP: 4/83 [something (4)]
 12313 | D:12     | Reached skill level 9 in Dodging
 12458 | D:12     | Reached skill level 10 in Armour
 13079 | D:12     | Found Juotzune's Serpentskin Sales.
 13168 | D:12     | Killed an unseen horror
 13456 | D:12     | Noticed a two-headed ogre
 13461 | D:12     | Killed a two-headed ogre
 13462 | D:12     | Reached skill level 10 in Dodging
 13462 | D:12     | Reached XP level 12. HP: 70/91 MP: 11/11
 13823 | D:13     | Reached skill level 5 in Fighting
 13860 | D:13     | Found a flagged portal.
 13941 | Bailey   | Entered a bailey
 14383 | D:13     | Reached skill level 11 in Dodging
 14388 | D:13     | Found Cigueku's Armour Emporium.
 14394 | D:13     | Bought a +3 plate armour of cold resistance for 540 gold
                  | pieces
 14595 | D:13     | Noticed a centaur warrior
 14600 | D:13     | Noticed a two-headed ogre
 14605 | D:13     | Killed a centaur warrior
 14608 | D:13     | Killed a two-headed ogre
 14768 | D:13     | Noticed a centaur warrior
 14774 | D:13     | Killed a centaur warrior
 15115 | D:13     | Reached skill level 12 in Dodging
 15138 | D:13     | Noticed a death knight
 15154 | D:13     | Killed a death knight
 15804 | D:14     | Reached XP level 13. HP: 105/111 MP: 12/12
 16162 | D:14     | Reached skill level 10 in Fighting
 16165 | D:14     | Found a white marble altar of Elyvilon.
 16172 | D:14     | Reached skill level 13 in Dodging
 17167 | D:14     | Found a gate to the Vaults.
 17322 | D:15     | Entered Level 15 of the Dungeon
 17516 | D:15     | Noticed a fire dragon
 17526 | D:15     | Killed a fire dragon
 17556 | D:15     | Reached skill level 14 in Dodging
 18638 | D:15     | Noticed a fire dragon
 18639 | D:15     | Received a gift from Trog
 18640 | D:15     | Noticed a fire dragon
 18654 | D:15     | Killed a fire dragon
 18654 | D:15     | Killed a fire dragon
 18664 | D:15     | Reached XP level 14. HP: 108/127 MP: 13/13
 18776 | D:15     | Found a staircase to the Depths.
 19635 | D:8      | Noticed Grum
 19648 | D:8      | Killed Grum
 20270 | D:8      | Found a stormy altar of Qazlal.
 21222 | Lair:1   | Entered Level 1 of the Lair of Beasts
 21330 | Lair:1   | Noticed Gastronok
 21332 | Lair:1   | Reached skill level 15 in Dodging
 21360 | Lair:1   | Killed Gastronok
 21534 | Lair:1   | Found an opulent altar of Gozag.
 23532 | Lair:3   | Found a staircase to the Snake Pit.
 23667 | Lair:3   | Received a gift from Trog
 24661 | Lair:4   | Found a staircase to the Swamp.
 24750 | Lair:4   | Noticed Josephine
 24762 | Lair:4   | Reached skill level 16 in Dodging
 24762 | Lair:4   | Killed Josephine
 25233 | Lair:5   | Reached skill level 15 in Fighting
 25457 | Lair:5   | Reached XP level 15. HP: 126/141 MP: 14/14
 26004 | Lair:6   | Entered Level 6 of the Lair of Beasts
 26144 | Lair:6   | Reached skill level 17 in Dodging
 26174 | Lair:6   | Noticed Urug
 26208 | Lair:6   | Killed Urug
 26663 | Lair:6   | Found a frozen archway.
 26677 | IceCv    | Entered an ice cave
 27366 | IceCv    | Identified a scroll of acquirement
 27366 | IceCv    | Acquired a +0 pair of boots of running
 27834 | IceCv    | Noticed a frost giant
 27844 | IceCv    | Killed a frost giant
 27870 | IceCv    | Identified the Almanac of the Snowflakes
 27877 | IceCv    | Got a buzzing buckler
 27901 | IceCv    | Identified the +1 buckler "Jerabeunt" {rF+ Str+5} (You
                  | found it in an ice cave)
 28188 | Lair:6   | Found a viscous altar of Jiyva.
 28188 | Lair:6   | Found a staircase to the Slime Pits.
 28326 | Lair:6   | Received a gift from Trog
 28371 | Lair:6   | Found the +3 crown of Dyrovepreva {rElec Int+2 SInv}
 28546 | Lair:6   | Reached skill level 18 in Dodging
 29978 | Orc:1    | Entered Level 1 of the Orcish Mines
 30030 | Orc:1    | Received a gift from Trog
 30232 | Orc:2    | Entered Level 2 of the Orcish Mines
 30538 | Orc:2    | Found Anyibi's Magic Scroll Boutique.
 30545 | Orc:2    | Found Diotirho's General Store.
 30884 | Orc:2    | Bought a scroll of enchant weapon for 97 gold pieces
 30884 | Orc:2    | Bought a scroll of enchant weapon for 97 gold pieces
 31060 | Orc:2    | Reached XP level 16. HP: 156/156 MP: 15/15
 31136 | Orc:2    | Paralysed by an orc sorcerer for 7 turns
 31143 | Orc:2    | Received a gift from Trog
 31145 | Orc:2    | Slain by an infernal demonspawn

Illustrated notes

Levels and vault maps discovered:
D:1:      minmay_arrival_checkered_box, layout_rooms,
          minmay_misc_feat_secret_circle, hangedman_decor_points,
          minmay_box_of_dots
D:2:      layout_loops_cross, chequers_ecumenical_altar_island, fedhas_altar_1,
          uniq_crazy_yiuf_cottage
D:3:      layout_rooms, grunt_gozag_breadcrumbs, lemuel_coloured_pillars_altar
D:4:      layout_basic, nzn_hepliaklqana_mist_gate, vehumet_statue,
          serial_shops, nicolae_shop_crystal, shop, shop, serial_bayou_lake_a
D:5:      layout_rooms, nicolae_ossuary_entry_false_entrances,
          minmay_quadrilaterals, uniq_pikel
D:6:      layout_loops_ring, kennysheep_mini_moat, portal_sewer_entry_e
D:7:      layout_gridville, okawaru_metal_pillars_1_2,
          nicolae_overflow_crystal_walls, minmay_temple_entry_ruins,
          minmay_guarded_unrand_finisher
D:8:      layout_basic, old_standard_altar, dancing_weapons_uskayaw,
          minmay_lair_entry_grove, nicolae_lava_and_water,
          kennysheep_generic_room_7, uniq_grum
D:9:      layout_roguey, nicolae_dithmenos_the_darkroom, hiddenorc2_lemuel,
          serial_shops, shop, hex_large
D:10:     layout_cave_pools, serial_gnoll_camp, gnoll_camp_medium_02,
          gnoll_camp_huts_moat, gnoll_camp_mini_hut, gnoll_camp_mini_shop,
          gnoll_camp_mini_basic
D:11:     layout_loops_ring
D:12:     layout_irregular_city, guppyfry_shop_venom
D:13:     layout_irregular_city, serial_shops, shop, enter_bailey_2,
          minivault_15
D:14:     minmay_bubble_buster, layout_stronghold, david_vaults_5,
          hangedman_decor_push, basic_altar, grunt_ministairs_4
D:15:     grunt_enter_depths_hoard, layout_cave_pods,
          amcnicky_mini_rare_corridor_liquid
Lair:1:   layout_regular_city, basic_altar, lemuel_old_faithful,
          wad_woods_river_01, uniq_gastronok
Lair:2:   layout_loops_ring, serial_forest, infiniplex_forest_straight_3,
          infiniplex_forest_straight_2, infiniplex_forest_clump_small,
          infiniplex_forest_straight_2, grunt_megastairs_4
Lair:3:   layout_misc_corridors, guppyfry_snake_entry_garden, special_room
          [special_room_bee], infiniplex_staircase_pool
Lair:4:   layout_regular_city, swamp_mist_pool, beast_lair_carwin_4,
          uniq_josephine
Lair:5:   layout_cave_shapes, minmay_lair_drake_nest, lemuel_fruit_tree
Lair:6:   minmay_lair_end_frog_pond, layout_cellular_growth,
          dpeg_slime_entry_enclosed_altar, portal_ice_cave_demonic_guard,
          minmay_lair_oklob_chamber, uniq_urug
Orc:1:    layout_caves
Orc:2:    pf_orc_diabolical, layout_caves

Skill      XL: |  1  2  3  4  5  6  7  8  9 10 11 12 13 14 15 |
---------------+----------------------------------------------+-----
Axes           | 4 5 6 8 11 13 16 17 | 17.1
Armour         | 6 10 11 | 11.0
Dodging        | 6 10 12 14 16 18 | 18.4
Fighting       | 9 12 15 17 | 17.9

Action                   |  1- 3 |  4- 6 |  7- 9 | 10-12 | 13-15 | 16-18 || total
-------------------------+-------+-------+-------+-------+-------+-------++-------
Melee: Hand axe          |    81 |   120 |       |       |       |       ||   201
       Headbutt          |    11 |    32 |    44 |   112 |   223 |    10 ||   432
       Battleaxe         |       |    16 |   280 |   488 |   989 |    33 ||  1806
       Broad axe         |       |       |       |       |     7 |       ||     7
Invok: Berserk           |     2 |     1 |     4 |    13 |    14 |     1 ||    35
       Trog's Hand       |       |     1 |     1 |     3 |     1 |       ||     6
       Brothers in Arms  |       |       |     2 |    14 |    11 |     3 ||    30
  Use: Scroll            |     2 |     8 |     5 |    10 |    16 |       ||    41
       Potion            |       |     1 |       |     7 |     2 |     1 ||    11
 Stab: Distracted        |       |       |       |     1 |     1 |       ||     2
Armor: Chain mail        |    16 |       |       |       |       |       ||    16
       Animal skin       |     1 |       |       |       |       |       ||     1
       Plate armour      |    40 |   100 |   198 |   499 |   614 |    49 ||  1500
Dodge: Dodged            |    30 |    50 |   108 |   274 |   734 |    45 ||  1241
